 Dungeon Crawl Stone Soup version 0.31.0-32-g396128a36d (webtiles) character file.

Game seed: 13102902364357414562

952 kober the Shield-Bearer (level 8, -3/60 HPs)
             Began as a Gnoll Wanderer on Mar 13, 2024.
             Splashed by a jelly's acid (7 damage)
             ... on level 7 of the Dungeon.
             The game lasted 00:16:44 (5996 turns).

kober the Shield-Bearer (Gnoll Wanderer)            Turns: 5996, Time: 00:16:45

Health: -3/60      AC: -11   Str: 13    XL:     8   Next: 13%
Magic:  14/14      EV: 13    Int: 16    God:
Gold:   151        SH:  6    Dex: 14    Spells: 10/15 levels left

rFire   + . .        v - +0 dagger of Jafekare {flame, rPois}
rCold   . . .        b - +0 buckler
rNeg    . . .        d - +2 leather armour
rPois   +            j - +2 hat
rElec   .            (no cloak)
rCorr   .            C - +0 pair of gloves
SInv    .            (no boots)
Will    .....        (no amulet)
Stlth   ++           m - ring of protection from fire
HPRegen 0.30/turn    f - +6 ring of strength
MPRegen 0.14/turn

%: no passive effects
@: corroded
A: fangs 1, strong nose, distributed training
a: no special abilities


You were on level 7 of the Dungeon.
You visited 2 branches of the dungeon, and saw 9 of its levels.

You collected 295 gold pieces.
You spent 144 gold pieces at shops.

Inventory:

Hand Weapons
 r - a +0 heavy sling
 v - the +0 dagger of Jafekare (weapon) {flame, rPois}
   (You found it on level 4 of the Dungeon)

   rPois:     It protects you from poison
 B - a +1 dagger of draining
 D - a +2 flail of holy wrath
Missiles
 g - 3 boomerangs
 i - 32 stones
 k - 8 poisoned darts (quivered)
 F - a javelin
Armour
 b - a +0 buckler (worn)
 d - a +2 leather armour (worn)
 j - a +2 hat (worn)
 s - a +0 helmet
 C - a +0 pair of gloves (worn)
Magical Staves
 p - a staff of cold
Jewellery
 f - a +6 ring of strength (right hand)
 m - a ring of protection from fire (left hand)
 q - a ring of magical power
Talismans
 y - a beast talisman
 z - a maw talisman
Wands
 h - a wand of paralysis (3)
 u - a wand of polymorph (5)
 A - a wand of flame (18)
Scrolls
 c - 3 scrolls of teleportation
 e - 2 scrolls of vulnerability
 n - 2 scrolls of fear
 t - a scroll of amnesia
 w - a scroll of blinking
Potions
 a - a potion of attraction
 l - a potion of resistance
 o - 2 potions of curing
 x - 2 potions of heal wounds


   Skills:
 + Level 4.1 Fighting
 + Level 3.1 Short Blades
 + Level 3.1 Long Blades
 + Level 3.1 Axes
 + Level 3.1 Maces & Flails
 + Level 3.1 Polearms
 + Level 3.1 Staves
 + Level 3.1 Ranged Weapons
 + Level 3.1 Throwing
 + Level 4.1 Armour
 + Level 5.6 Dodging
 + Level 3.1 Stealth
 + Level 7.3 Shields
 + Level 3.1 Unarmed Combat
 + Level 4.2 Spellcasting
 + Level 2.5 Conjurations
 + Level 2.5 Hexes
 + Level 2.5 Summonings
 + Level 2.5 Necromancy
 + Level 3.3 Translocations
 + Level 2.5 Fire Magic
 + Level 2.5 Ice Magic
 + Level 2.5 Air Magic
 + Level 2.5 Earth Magic
 + Level 2.5 Alchemy
 + Level 3.4 Invocations
 + Level 4.1 Evocations
 + Level 2.8 Shapeshifting


You had 10 spell levels left.
You knew the following spells:

 Your Spells              Type           Power      Damage    Failure   Level
a - Apportation           Tloc           28%        N/A       7%          1
b - Mephitic Cloud        Conj/Alch/Air  11%        N/A       28%         3
c - Slow                  Hex            44%        N/A       10%         1

Your spell library contained the following spells:

 Spells                   Type           Power      Damage    Failure   Level
 Scorch                   Fire           22%        2d5       14%         2
 Teleport Other           Tloc           14%        N/A       21%         3
 Confusing Touch          Hex            11%        N/A       28%         3
 Dazzling Flash           Conj/Hex       22%        N/A       28%         3
 Sigil of Binding         Hex            11%        N/A       28%         3
 Vampiric Draining        Necr           11%        2d6       28%         3
 Animate Dead             Necr           11%        N/A       67%         4
 Flame Wave               Conj/Fire      11%        2d6       67%         4
 Curse of Agony           Necr           11%        N/A       95%         5
 Silence                  Hex/Air        5%         N/A       95%         5
 Summon Cactus Giant      Summ           5%         N/A       100%        6
 Haunt                    Necr/Summ      5%         N/A       100%        7
 Infestation              Necr           5%         N/A       100%        8


Dungeon Overview and Level Annotations

Branches:
Dungeon (8/15)             Temple (1/1) D:4
   Lair: D:8-11

Altars:
Ashenzari
Cheibriados
Kikubaaqudgha
Nemelex Xobeh
Qazlal
Ru
Trog
Uskayaw
Xom
The Shining One

Shops:
D:6 ?   D:7 (

Annotations:
D:4 Sigmund
D:7 Jeremiah


Innate Abilities, Weirdness & Mutations

You have very sharp teeth.
Your uncanny sense of smell can sniff out nearby items.
Your experience applies equally to all skills.


Message History

You feel strangely unstable.
Unknown command.
Your surroundings suddenly seem different.
You hear the steady creaking of a portcullis.
A jelly comes into view.
The jelly quivers.
You hit the jelly. You burn the jelly. The acid corrodes you!
Your hands burn!
The jelly is lightly wounded.
The jelly barely misses you.
You hit the jelly. You burn the jelly. The acid corrodes you!
Your hands burn!
The jelly is heavily wounded.
You block the jelly's attack.
Unknown command.
You hit the jelly. You burn the jelly.
Your hands burn!
The jelly is heavily wounded.
The jelly barely misses you.
You hit the jelly. You burn the jelly. The acid corrodes you!
Your hands burn!
The jelly is severely wounded.
The jelly hits you.
You are splashed with acid.
You hit the jelly but do no damage.
Your hands burn!
The jelly is severely wounded.
The jelly closely misses you.
You hit the jelly but do no damage. The acid corrodes you!
Your hands burn!
The jelly is severely wounded.
The jelly hits you.
You are splashed with acid!
You hit the jelly but do no damage.
Your hands burn!
* * * LOW HITPOINT WARNING * * *
You bite the jelly, but do no damage.
The jelly is severely wounded.
The jelly hits you.
* * * LOW HITPOINT WARNING * * *
The acid corrodes you!
You are splashed with acid!
* * * LOW HITPOINT WARNING * * *
You hit the jelly but do no damage.
Your hands burn!
* * * LOW HITPOINT WARNING * * *
The jelly is severely wounded.
The jelly hits you.
* * * LOW HITPOINT WARNING * * *
The acid corrodes you!
You are splashed with acid!
You die...

.......############
#.................
##################
#.........
#.######## #.# #.#
###### #.# #.....
#@# #..... ∆#J#
#..... ..# #.....
#..# #..... ...#
#..).. ..#.. #..)..
##### ######


You could see a jelly.

Vanquished Creatures
  Edmund (D:5)
  Duvessa (D:7)
  2 ogres
  2 phantoms (D:4)
  Dowan (D:7)
  A hound (D:4)
  An orc priest (D:5)
  A sleepcap (D:5)
  Ijyb (D:5)
  3 iguanas
  4 gnolls
  3 adders
  2 shadow imps
  2 dart slugs
  6 ribbon worms
  10 orcs
  9 ball pythons
  12 endoplasms
  3 goblins
  7 hobgoblins
  4 jackals (D:2)
  2 quokkas (D:3)
  6 bats
  3 frilled lizards (D:1)
  A kobold (D:2)
  6 rats
94 creatures vanquished.

Notes
Turn   | Place    | Note
-------+----------+-------------------------------------------
     0 | D:1      | kober the Gnoll Wanderer began the quest for the Orb.
     0 | D:1      | kober set off with the following items: a +0 dagger, a +0
                  | buckler, a scroll of teleportation, a +2 leather armour;
                  | and the following spell memorised: Apportation; and the
                  | following spells available to memorise: Teleport Other.
     0 | D:1      | Reached XP level 1. HP: 17/17 MP: 4/4
   179 | D:1      | Reached XP level 2. HP: 22/23 MP: 5/5
  1154 | D:2      | Reached XP level 3. HP: 28/28 MP: 7/7
  1426 | D:2      | Reached skill level 1 in Invocations
  1511 | D:3      | Reached skill level 1 in Short Blades
  1511 | D:3      | Reached skill level 1 in Long Blades
  1511 | D:3      | Reached skill level 1 in Axes
  1511 | D:3      | Reached skill level 1 in Maces & Flails
  1511 | D:3      | Reached skill level 1 in Polearms
  1511 | D:3      | Reached skill level 1 in Staves
  1511 | D:3      | Reached skill level 1 in Ranged Weapons
  1511 | D:3      | Reached skill level 1 in Throwing
  1511 | D:3      | Reached skill level 1 in Stealth
  1511 | D:3      | Reached skill level 1 in Unarmed Combat
  1629 | D:3      | Reached skill level 1 in Shapeshifting
  1629 | D:3      | Reached XP level 4. HP: 34/34 MP: 8/8
  2392 | D:4      | Found a staircase to the Ecumenical Temple.
  2412 | Temple   | Entered the Ecumenical Temple
  2467 | D:4      | Reached skill level 1 in Conjurations
  2467 | D:4      | Reached skill level 1 in Hexes
  2467 | D:4      | Reached skill level 1 in Summonings
  2467 | D:4      | Reached skill level 1 in Necromancy
  2467 | D:4      | Reached skill level 1 in Fire Magic
  2467 | D:4      | Reached skill level 1 in Ice Magic
  2467 | D:4      | Reached skill level 1 in Air Magic
  2467 | D:4      | Reached skill level 1 in Earth Magic
  2467 | D:4      | Reached skill level 1 in Alchemy
  2514 | D:4      | Found an ancient bone altar of Kikubaaqudgha.
  2523 | D:4      | Noticed a phantom
  2525 | D:4      | Noticed Sigmund
  2683 | D:4      | Reached XP level 5. HP: 40/40 MP: 9/9
  2704 | D:5      | Entered Level 5 of the Dungeon
  2772 | D:4      | Identified the +0 dagger of Jafekare {flame, rPois}
  3119 | D:4      | Found a shimmering altar of Xom.
  3274 | D:4      | Found a hide-covered altar of Uskayaw.
  3274 | D:4      | Found a sacrificial altar of Ru.
  3291 | D:4      | Learned a level 3 spell: Mephitic Cloud
  3654 | D:3      | Reached XP level 6. HP: 45/47 MP: 11/11
  3867 | D:5      | Noticed an ice beast
  3869 | D:5      | Reached skill level 5 in Dodging
  4496 | D:4      | Reached skill level 7 in Shields
  4496 | D:4      | Reached XP level 7. HP: 47/52 MP: 12/12
  4856 | D:5      | Noticed Ijyb
  4862 | D:5      | Killed Ijyb
  4876 | D:5      | Noticed Edmund
  5198 | D:5      | Killed Edmund
  5564 | D:6      | Found Irghifaoz's Magic Scroll Shoppe.
  5577 | D:6      | Bought a scroll of teleportation for 36 gold pieces
  5577 | D:6      | Bought a scroll of teleportation for 36 gold pieces
  5577 | D:6      | Bought a scroll of identify for 24 gold pieces
  5577 | D:6      | Bought a scroll of identify for 24 gold pieces
  5577 | D:6      | Bought a scroll of identify for 24 gold pieces
  5633 | D:7      | Found Jimita's Firing Range.
  5664 | D:7      | Learned a level 1 spell: Slow
  5767 | D:7      | Noticed Jeremiah
  5832 | D:8      | Noticed a hornet
  5849 | D:7      | Noticed Duvessa
  5849 | D:7      | Noticed Dowan
  5854 | D:7      | Killed Dowan
  5855 | D:7      | Reached XP level 8. HP: 20/60 MP: 14/14
  5865 | D:7      | Killed Duvessa
  5996 | D:7      | Splashed by a jelly's acid

Illustrated notes

Levels and vault maps discovered:
D:1:      sevenhm_arrival_forest_fort_small_5, layout_loops_ring,
          hangedman_feature_mirror
D:2:      layout_rooms
D:3:      layout_basic, minmay_fractal_squares_diagonal_5
D:4:      layout_cave_pods, mainiacjoe_overflow_small_starburst,
          gammafunk_temple_overflow_forgotten, minmay_temple_entry_glassed_door,
          hangedman_decor_clover_reticule, uniq_sigmund
D:5:      layout_rooms, nicolae_wormholes, uniq_edmund, uniq_ijyb
D:6:      layout_layer_cave, portal_sewer_entry_c, serial_shops,
          nicolae_shop_tiny_waterfront
D:7:      layout_basic, enter_bailey_5, nicolae_shop_firing_range, uniq_duvessa,
          uniq_jeremiah, uniq_pikel
D:8:      layout_loops_corners, nicolae_overflows_in_rows,
          chequers_temple_overflow_statue_of_worship, gammafunk_ghost_grave
Temple:   hellmonk_temple_rainy

Skill      XL: |  1  2  3  4  5  6  7 |
---------------+----------------------+-----
Translocations | 2 3 |  3.3
Invocations    | 1 2 3 |  3.4
Short Blades   | 1 2 3 |  3.1
Long Blades    | 1 2 3 |  3.1
Axes           | 1 2 3 |  3.1
Maces & Flails | 1 2 3 |  3.1
Polearms       | 1 2 3 |  3.1
Staves         | 1 2 3 |  3.1
Ranged Weapons | 1 2 3 |  3.1
Throwing       | 1 2 3 |  3.1
Stealth        | 1 2 3 |  3.1
Unarmed Combat | 1 2 3 |  3.1
Shapeshifting  | 1 2 |  2.8
Spellcasting   | 3 4 |  4.2
Conjurations   | 1 2 |  2.5
Hexes          | 1 2 |  2.5
Summonings     | 1 2 |  2.5
Necromancy     | 1 2 |  2.5
Fire Magic     | 1 2 |  2.5
Ice Magic      | 1 2 |  2.5
Air Magic      | 1 2 |  2.5
Earth Magic    | 1 2 |  2.5
Alchemy        | 1 2 |  2.5
Fighting       | 3 4 |  4.1
Armour         | 3 4 |  4.1
Evocations     | 3 4 |  4.1
Dodging        | 5 |  5.6
Shields        | 7 |  7.3

Action                     |  1- 3 |  4- 6 |  7- 9 || total
---------------------------+-------+-------+-------++-------
  Melee: Dagger            |   168 |   222 |   201 ||   591
         Bite              |     8 |    22 |    36 ||    66
  Throw: Dart              |     2 |     3 |     1 ||     6
   Cast: Apportation       |     1 |     1 |     2 ||     4
  Evoke: Wand              |       |     7 |     5 ||    12
    Use: Scroll            |     8 |     2 |     9 ||    19
         Potion            |     2 |     3 |     3 ||     8
   Stab: Paralysed         |       |     7 |     7 ||    14
         Sleeping          |       |     3 |     1 ||     4
         Invisible         |       |     2 |       ||     2
 Armour: Leather armour    |    67 |    89 |    86 ||   242
         Skin              |       |    17 |       ||    17
  Dodge: Dodged            |   103 |   109 |    73 ||   285
  Block: Buckler           |    38 |    70 |    42 ||   150
